cohdb
Replays
Latest Replays
All Replays
Popular Replays
Top Player Replays
Match Explorer
How It Works
Community
CoH3 Stats
Reddit
Sign in to upload your games and track your stats! →
Sign in with Steam
Match 44347959
Unlisted
Match 44347959
Overview
Messages
Build Orders
End
Panzergrenadier Squad
Selects Italian Infantry
Panzerpioneer Squad
Panzergrenadier Squad
Construct Light Support Kompanie
MG34 Team
2.5-tonne Medical Truck
Selects Guastatori Squad
Assault Mechanized Group
Construct Mechanized Kompanie
8 Rad Armored Car
Marder III Tank Destroyer
Selects Registered Artillery
Marder III Tank Destroyer
Tungsten Core Ammunition
Construct Panzerarmee Kommand
Selects Defensive Operations
Selects Territory Booby Traps
Selects Propaganda War
Guastatori Squad
Registered Artillery
Assault Mechanized Group
Propaganda War
Panzer III L Medium Tank
Registered Artillery
Selects Towed Cannone da 105/28 Field Howitzer
Panzer III L Medium Tank
Propaganda War
Panzer III L Medium Tank
Assault Mechanized Group
Tamylas
Ghost
robwarrior
TheDRex
0
0
Comments
sign in to comment!
No comments posted yet!